cohdb
Replays
Latest Replays
All Replays
Popular Replays
Top Player Replays
Match Explorer
How It Works
Community
CoH3 Stats
Reddit
Sign in to upload your games and track your stats! →
Sign in with Steam
Match 41571739
Unlisted
Match 41571739
Overview
Messages
Build Orders
End
Construct Section Command Post
Selects Canadian Shock Battlegroup
Infantry Section
Infantry Section
ML 3-inch Mortar Team
Selects Attacking Spirit
Selects Canadian Shock Section
Construct Platoon Command Post
CMP 15cwt Truck
6-pounder Anti-tank Gun Team
Infantry Training
Selects Burnout
6-pounder Anti-tank Gun Team
Team Weapon Training
Burnout
Grenade Package
6-pounder Anti-tank Gun Team
Selects Smoke Operation
Construct Company Command Post
6-pounder Anti-tank Gun Team
Infantry Section
Smoke Operation
Selects Pyrotechnics
Unlock M3 Stuart Light Tanks
Smoke Operation
Canadian Shock Section
M3 Stuart Light Tank
Canadian Shock Section
Smoke Operation
Kakash
victor_hartman
Mihono Bourbon
TuRiTirell
Nuclear Viking
Fatboy92
𝓣𝓸𝓴𝓪𝓲 𝓣𝓮𝓲𝓸
muta999888
0
0
Comments
sign in to comment!
No comments posted yet!